 Dungeon Crawl Stone Soup version 0.25-a0-285-gcba6f664f8 (webtiles) character file.

Game seed: 5458388406201508630, levelgen mode: deterministic

141 mopl the Chopper (level 5, 0/27 HPs)
             Began as a Vine Stalker Monk on Dec 11, 2019.
             Slain by an iguana (9 damage)
             ... on level 3 of the Dungeon.
             The game lasted 00:03:13 (2117 turns).

mopl the Chopper (Vine Stalker Monk)                Turns: 2117, Time: 00:03:14

Health: 0/27       AC:  5    Str: 15    XL:     5   Next: 24%
Magic:  0/6        EV: 11    Int: 10    God:
Gold:   151        SH:  4    Dex: 16    Spells: 4/4 levels left

rFire    . . .     SeeInvis .   a - +0 hand axe
rCold    . . .     Gourm    .   m - +0 buckler
rNeg     + . .     Faith    .   p - +0 ring mail
rPois    .         Spirit   +   (no helmet)
rElec    .         Reflect  .   (no cloak)
rCorr    .         Harm     .   (no gloves)
MR       .....                  (no boots)
Stlth    ++........             (no amulet)
HPRegen  0.49/turn              q - ring of positive energy
MPRegen  0.10/turn              (no ring)

@: no status effects
A: fangs 2, regeneration 1, magic shield, antimagic bite, no potion heal 3, rot
immunity
a: no special abilities


You were on level 3 of the Dungeon.
You were not hungry.

You visited 1 branch of the dungeon, and saw 3 of its levels.

You collected 151 gold pieces.

Inventory:

Hand Weapons
 a - a +0 hand axe (weapon)
Missiles
 b - 4 boomerangs (quivered)
 h - 30 poisoned darts
Armour
 m - a +0 buckler (worn)
 p - a +0 ring mail (worn)
Jewellery
 q - a ring of positive energy (left hand)
Scrolls
 i - a scroll of teleportation {unknown}
 j - 6 scrolls of identify {unknown}
 k - 3 scrolls of enchant weapon {unknown}
 o - 2 scrolls of fear {unknown}
Potions
 d - 2 potions of magic {unknown}
 e - a potion of brilliance {unknown}
 f - 2 potions of degeneration {unknown}
 g - a potion of invisibility {unknown}
 n - 3 potions of curing {unknown}
 r - a potion of haste {unknown}
 s - a potion of heal wounds {unknown}
Comestibles
 c - 3 rations
 l - 3 chunks of flesh


   Skills:
 - Level 2.6 Fighting
 * Level 4.9 Axes
 - Level 2.4 Dodging
 - Level 2.4 Stealth
 + Level 1.4 Shields


You had 4 spell levels left.
You didn't know any spells.
Your spell library was empty.

Dungeon Overview and Level Annotations

Branches:
Dungeon (3/15)

Altars:
Vehumet


Innate Abilities, Weirdness & Mutations

You have extremely sharp teeth.
Your natural rate of healing is unusually fast.
When hurt, damage is shared between your health and your magic reserves.
Your bite disrupts and absorbs the magic of your enemies.
Potions cannot restore your health.
You are immune to rotting.


Message History

You are too injured to fight recklessly!
You are too injured to fight recklessly!
You hit the iguana. You bite the iguana. You drain its power.
You feel invigorated.
The iguana is severely wounded.
You hit the worm. The iguana bites you.
Unknown command.
You hit the iguana but do no damage. Your bite misses the iguana.
The iguana is severely wounded.
You hit the worm but do no damage. The iguana bites you.
The worm closely misses you.
Unknown command.
Your shield and ring mail prevent you from hitting the iguana.
Your bite misses the iguana.
The iguana is severely wounded.
You barely miss the worm. The iguana closely misses you. The worm bites you.
* * * LOW HITPOINT WARNING * * *
Unknown command.
The iguana bites you!
You die...

#.#.#..#
#.#....#
#.##.#.####
#.........#
####.#.##.#
#.#.# #
#.#.# #!..#
.######.@#
.....gwl.#
.........#
.......?.#
.........#
......$...
........#.#
........#..
.......)##>.


You could see a worm, an iguana and a hobgoblin.

Vanquished Creatures
  An orc priest (D:3)
  4 adders (D:2)
  An ooze (D:1)
  3 worms (D:2)
  2 dart slugs (D:1)
  2 leopard geckos
  3 orcs (D:3)
  6 bats
  3 giant cockroaches
  8 hobgoblins
  6 kobolds
  5 frilled lizards
  6 goblins
  5 rats
55 creatures vanquished.

Notes
Turn   | Place    | Note
-------+----------+-------------------------------------------
     0 | D:1      | mopl the Vine Stalker Monk began the quest for the Orb.
     0 | D:1      | Reached XP level 1. HP: 11/11 MP: 2/2
    23 | D:1      | Reached skill level 3 in Axes
   247 | D:1      | Reached XP level 2. HP: 6/16 MP: 1/3
   707 | D:1      | Reached XP level 3. HP: 12/19 MP: 1/4
  1089 | D:2      | Reached skill level 4 in Axes
  1127 | D:2      | Found a radiant altar of Vehumet.
  1413 | D:2      | Gained mutation: Your natural rate of healing is unusually
                  | fast. [Vine Stalker growth]
  1413 | D:2      | Reached XP level 4. HP: 20/23 MP: 3/5
  1698 | D:2      | Reached skill level 1 in Shields
  2039 | D:3      | Reached XP level 5. HP: 26/27 MP: 6/6
  2117 | D:3      | Slain by an iguana

Levels and vault maps discovered:
D:1:      wander_arrival_fairy_ring, layout_rooms, minivault_11
D:2:      layout_loops_ring, nicolae_overflow_hidden_temple,
          kennysheep_big_empty_room
D:3:      layout_basic

Skill      XL: |  1  2  3  4 |
---------------+-------------+-----
Axes           | 3 4 |  4.9
Shields        | 1 |  1.4
Fighting       | |  2.6
Dodging        | |  2.4
Stealth        | |  2.4

Action                   |  1- 3 |  4- 6 || total
-------------------------+-------+-------++-------
Melee: Hand axe          |    86 |    85 ||   171
       Bite              |    15 |    25 ||    40
 Stab: Sleeping          |     4 |     3 ||     7
  Eat: Chunk             |     1 |     3 ||     4
Armor: Robe              |     6 |       ||     6
       Leather armour    |     8 |     2 ||    10
       Ring mail         |       |    12 ||    12
Dodge: Dodged            |    78 |    37 ||   115
Block: Buckler           |     4 |    17 ||    21

Table legend:
 A = Non-vault XP
 B = Vault XP
 C = Vault XP percentage of total XP
 D = Non-vault monster count
 E = Vault monster count
 F = Vault count percentage of total count
                 A         B        C        D         E       F
            +---------+---------+-------+---------+---------+-------
      Total |     202 |       0 |   0.0 |      55 |       0 |   0.0
            +---------+---------+-------+---------+---------+-------
        D:1 |      50 |       0 |   0.0 |      25 |       0 |   0.0
        D:2 |      98 |       0 |   0.0 |      24 |       0 |   0.0
        D:3 |      54 |       0 |   0.0 |       6 |       0 |   0.0
            +---------+---------+-------+---------+---------+-------
